 Dungeon Crawl Stone Soup version 0.29-a0-613-gf2c431b9b9 (webtiles) character file.

Game seed: 13682615740762168119

52 zeratav the Stinger (level 3, -1/21 HPs)
             Began as an Octopode Venom Mage on June 15, 2022.
             Was an Initiate of Ashenzari.
             Frozen to death by an endoplasm (3 damage)
             ... on level 3 of the Dungeon on June 16, 2022.
             The game lasted 00:07:51 (2531 turns).

zeratav the Stinger (Octopode Venom Mage)           Turns: 2531, Time: 00:07:52

Health: -1/21      AC:  8    Str:  7    XL:     3   Next: 85%
Magic:  4/7        EV: 13    Int: 19    God:    Ashenzari [......]
Gold:   144        SH:  0    Dex: 12    Spells: 6/7 levels left

rFire   . . .      SeeInvis .   b - +2 mace (protect) {mace}
rCold   . . .      Faith    .   (no shield)
rNeg    . . .      Spirit   .   (helmet restricted)
rPois   .          Reflect  .   (no amulet)
rElec   .          Harm     .   (no ring)
rCorr   .          Rampage  .   (no ring)
Will    .....                   (no ring)
Stlth   +++.......              (no ring)
HPRegen 0.07/turn               (no ring)
MPRegen 0.10/turn               (no ring)
                                (no ring)
                                (no ring)

@: under a protective aura
A: almost no armour, amphibious, 8 rings, camouflage 1, gelatinous body 1,
(nimble swimmer 1), tentacles
a: Renounce Religion


You were on level 3 of the Dungeon.
You worshipped Ashenzari.
Ashenzari was noncommittal.
You visited 1 branch of the dungeon, and saw 3 of its levels.

You collected 144 gold pieces.


Innate Abilities, Weirdness & Mutations

You cannot wear most types of armour.
You are amphibious.
You can wear up to eight rings at the same time.
Your skin changes colour to match your surroundings (Stealth+).
Your rubbery body absorbs attacks. (AC +1, EV +1)
((You are camouflaged when in or above water. (Stealth+)))
You have tentacles for arms and can constrict up to eight enemies at once.


   Skills:
 - Level 2.0 Dodging
 - Level 2.6 Stealth
 + Level 2.6 Spellcasting
 - Level 1.0 Transmutations
 * Level 5.1 Poison Magic


You had 6 spell levels left.
You knew the following spells:

 Your Spells              Type           Power      Damage    Failure   Level
a - Sting                 Tmut/Pois      56%        1d5       4%          1

Your spell library contained the following spells:

 Spells                   Type           Power      Damage    Failure   Level
 Poisonous Vapours        Pois/Air       24%        N/A       9%          2
 Beastly Appendage        Tmut           12%        N/A       11%         1
 Spider Form              Tmut/Pois      14%        N/A       14%         3
 Magic Dart               Conj           8%         1d3       16%         1
 Sandblast                Erth           4%         2d4       16%         1
 Wereblood                Tmut           6%         N/A       16%         2
 Passwall                 Tmut/Erth      3%         N/A       19%         2
 Olgreb's Toxic Radiance  Pois           21%        N/A       19%         4
 Call Imp                 Summ           2%         N/A       24%         2
 Static Discharge         Conj/Air       2%         N/A       24%         2
 Mephitic Cloud           Conj/Pois/Air  8%         N/A       24%         3
 Gell's Gravitas          Tloc           2%         N/A       43%         3
 Stone Arrow              Conj/Erth      4%         3d7       43%         3
 Teleport Other           Tloc           2%         N/A       43%         3
 Dispel Undead            Necr           2%         3d7       85%         4
 Sticky Flame             Conj/Fire      2%         2d3       85%         4
 Dispersal                Tloc           1%         N/A       100%        6

Inventory:

Hand Weapons
 b - a +2 mace of protection (weapon) {mace}
   (You found it on level 1 of the Dungeon)
Missiles
 m - 49 stones {throwing}
Scrolls
 c - a scroll of brand weapon {unknown}
 d - a scroll of fog {unknown}
 f - 3 scrolls of identify {unknown}
 h - a scroll of fear {unknown}
 i - a scroll of vulnerability {unknown}
 k - 2 scrolls of summoning {unknown}
Potions
 a - a potion of magic
 e - a potion of invisibility {unknown}
 g - a potion of flight {unknown}
 j - a potion of brilliance {unknown}
 l - a potion of ambrosia {unknown}

Dungeon Overview and Level Annotations

Branches:
Dungeon (3/15) Zot: 15457

Altars:
Ashenzari

Shops:
D:1

[!*![ .......#.!.##.#.
.......#.$......
..............#
##..........# .#
#.......#...##.#..
#............>.....
.##......<†....###...
............rJ..#......
......#.....@.......##
............<.#...##
#...#.†...)..######
##..#..†.....#⌠...#
##............##...#
#..#..##.......#...._.#
#................##...#
#......##........#⌠...#
......# #........######


You could see an endoplasm and a rat.


Message History

Casting: Sting (safe; 4% risk of failure)
Confirm with . or Enter, or press ? or * to list all spells.
Aiming: Sting (safe; 4% risk of failure)
Press: ? - help, Shift-Dir - straight line, f/p - hobgoblin
Aim: a hobgoblin (almost dead, constricted by you, poisoned, 100% to hit)
The sting hits the hobgoblin but does no damage.
The hobgoblin looks even sicker.
You constrict the hobgoblin.
You kill the hobgoblin!
The hobgoblin barely misses you.
MP[-1]
You lost 1 mp, and now have 4/6 mp.
Casting: Sting (safe; 4% risk of failure)
Confirm with . or Enter, or press ? or * to list all spells.
Aiming: Sting (safe; 4% risk of failure)
Press: ? - help, Shift-Dir - straight line, f - hobgoblin
Aim: a hobgoblin (71% to hit)
The sting hits the hobgoblin.
The hobgoblin is poisoned.
The hobgoblin barely misses you.
MP[-1]
You lost 1 mp, and now have 3/6 mp.
Casting: Sting (safe; 4% risk of failure)
Confirm with . or Enter, or press ? or * to list all spells.
Aiming: Sting (safe; 4% risk of failure)
Press: ? - help, Shift-Dir - straight line, f/p - hobgoblin
Aim: a hobgoblin (moderately wounded, poisoned, 71% to hit)
The sting hits the hobgoblin.
The hobgoblin looks even sicker.
The hobgoblin closely misses you.
MP[-1]
You lost 1 mp, and now have 2/6 mp.
Casting: Sting (safe; 4% risk of failure)
Confirm with . or Enter, or press ? or * to list all spells.
Aiming: Sting (safe; 4% risk of failure)
Press: ? - help, Shift-Dir - straight line, f/p - hobgoblin
Aim: a hobgoblin (heavily wounded, very poisoned, 71% to hit)
The sting misses the hobgoblin.
The hobgoblin barely misses you.
MP[-1]
You lost 1 mp, and now have 1/6 mp.
Casting: Sting (safe; 4% risk of failure)
Confirm with . or Enter, or press ? or * to list all spells.
Aiming: Sting (safe; 4% risk of failure)
Press: ? - help, Shift-Dir - straight line, f/p - hobgoblin
Aim: a hobgoblin (almost dead, very poisoned, 71% to hit)
The sting hits the hobgoblin.
The hobgoblin looks even sicker.
You kill the hobgoblin!
MP[-1]
You lost 1 mp, and now have 0/6 mp.
Found a broken altar of Ashenzari.
HP[+11] MP[+6]
Your hp is fully restored (21).
Your mp is fully restored (6).
m - 49 stones {throwing} (gained 19)
A kobold comes into view. It is wielding a +0 club.
There is a broken altar of Ashenzari here.
You curl up in front of the altar of Ashenzari.
Ashenzari welcomes you!
Ashenzari warns you of distant threats and treasures.
Ashenzari reveals the structure of the dungeon to you.
Ashenzari shows you where magical portals lie.
You aren't carrying any pieces of jewellery.
An endoplasm and a worm come into view.
A rat comes into view.
The sting hits the worm.
The worm is poisoned.
MP[-1]
You lost 1 mp, and now have 5/6 mp.
The sting hits the worm.
The worm looks even sicker.
The endoplasm quivers.
MP[-1]
You lost 1 mp, and now have 4/6 mp.
Casting: Sting (safe; 4% risk of failure)
Confirm with . or Enter, or press ? or * to list all spells.
Aiming: Sting (safe; 4% risk of failure)
Press: ? - help, Shift-Dir - straight line, f/p - worm
Aim: a worm (moderately wounded, poisoned, 90% to hit)
The sting hits the worm.
The worm looks even sicker.
The endoplasm freezes you.
You are frozen.
HP[-5] MP[-1]
You take 5 damage, and now have 16/21 hp.
MASSIVE DAMAGE!! (PAUSE)
You lost 1 mp, and now have 3/6 mp.
You sock the worm!
Your weapon exudes an aura of protection.
You kill the worm!
The endoplasm freezes you.
You are frozen.
HP[-5]
You take 5 damage, and now have 11/21 hp.
MASSIVE DAMAGE!! (PAUSE) MP[+1]
The endoplasm freezes you.
You are frozen.
* * * LOW HITPOINT WARNING * * *
HP[-5]
You take 5 damage, and now have 6/21 hp.
MASSIVE DAMAGE!! (PAUSE)
You hit the endoplasm. The endoplasm freezes you.
You are frozen.
* * * LOW HITPOINT WARNING * * *
The rat closely misses you. The rat misses you. The endoplasm freezes you.
You are frozen.
You die...

Skill      XL: |  1  2  3 |
---------------+----------+-----
Poison Magic   | 4 5 |  5.1
Dodging        | |  2.0
Stealth        | |  2.6
Spellcasting   | |  2.6
Transmutations | |  1.0

Action                   || total
-------------------------++-------
Melee: Mace              ||    28
       Constrict         ||     6
       Tentacles         ||     2
       Unarmed           ||     1
 Cast: Sting             ||    46
 Stab: Sleeping          ||     2
Armor: Skin              ||     2
Dodge: Dodged            ||    29

Levels and vault maps discovered:
D:1:      minmay_arrival_split_and_join, layout_basic, serial_shops,
          nicolae_shop_behind_doors, shop, shop, nicolae_shop_trees,
          nicolae_shop_temple_entry_statues_fountains, serial_glass,
          glass_columns_a, glass_columns_c, due_unseen_surprise
D:2:      minmay_angry_zag, layout_loops_ring
D:3:      layout_rooms, mainiacjoe_overflow_paths, slow_altar_1,
          mainiacjoe_overflow_alcove_2, shapermc_ecumenical_altar_flowoftime

Notes
Turn   | Place    | Note
-------+----------+-------------------------------------------
     0 | D:1      | zeratav the Octopode Venom Mage began the quest for the
                  | Orb.
     0 | D:1      | Reached XP level 1. HP: 11/11 MP: 3/3
     0 | D:1      | magus.rc [v1.9.6]
   113 | D:1      | You add the spells Gell's Gravitas, Teleport Other and
                  | Dispersal to your library.
   224 | D:1      | Found Naixah's Distillery.
   381 | D:1      | Found Magis's Assorted Antiques.
   495 | D:1      | Reached skill level 4 in Poison Magic
   547 | D:1      | Reached XP level 2. HP: 17/17 MP: 3/5
   761 | D:1      | Found Tecvaemm's Distillery.
   795 | D:1      | You pick up a book of Touch and begin reading...
   795 | D:1      | You add the spells Static Discharge, Sticky Flame and
                  | Dispel Undead to your library.
   921 | D:1      | Found Naanaluott's Armour Emporium.
  1072 | D:1      | Found Mawem's Antique Armour Shop.
  1255 | D:2      | Upgraded the game from 0.29-a0-598-gd8304a5bf4 to
                  | 0.29-a0-613-gf2c431b9b9
  1255 | D:2      | magus.rc [v1.9.6]
  1390 | D:2      | Reached XP level 3. HP: 21/21 MP: 2/6
  1550 | D:2      | You pick up a book of Changes and begin reading...
  1550 | D:2      | You add the spells Beastly Appendage, Wereblood and Spider
                  | Form to your library.
  1897 | D:2      | You pick up a book of Minor Magic and begin reading...
  1897 | D:2      | You add the spells Magic Dart and Call Imp to your library.
  2002 | D:2      | You pick up a book of Geomancy and begin reading...
  2002 | D:2      | You add the spells Sandblast, Passwall and Stone Arrow to
                  | your library.
  2325 | D:3      | Reached skill level 5 in Poison Magic
  2483 | D:3      | Found a broken altar of Ashenzari.
  2505 | D:3      | Became a worshipper of Ashenzari the Shackled
  2531 | D:3      | HP: 2/21 [frozen (4)]
  2531 | D:3      | Frozen to death by an endoplasm

Vanquished Creatures
  An adder (D:2)
  3 worms
  A dart slug (D:1)
  2 endoplasms (D:1)
  2 giant cockroaches (D:1)
  6 goblins
  7 hobgoblins
  A ball python (D:2)
  4 bats
  3 rats
30 creatures vanquished.

Table legend:
 A = Non-vault XP
 B = Vault XP
 C = Vault XP percentage of total XP
 D = Non-vault monster count
 E = Vault monster count
 F = Vault count percentage of total count
                 A         B        C        D         E       F
            +---------+---------+-------+---------+---------+-------
      Total |      66 |       9 |  12.0 |      25 |       5 |  16.7
            +---------+---------+-------+---------+---------+-------
        D:1 |      25 |       0 |   0.0 |      13 |       0 |   0.0
        D:2 |      30 |       9 |  23.1 |       8 |       5 |  38.5
        D:3 |      11 |       0 |   0.0 |       4 |       0 |   0.0
            +---------+---------+-------+---------+---------+-------

Illustrated notes

Table legend:
 A = Kills in this place as a percentage of kills in entire the game.
 B = Kills by you in this place as a percentage of kills by you in the entire game.
 C = Kills by friends in this place as a percentage of kills by friends in the entire game.
 D = Other kills in this place as a percentage of other kills in the entire game.
 E = Experience gained in this place as a percentage of experience gained in the entire game.
 F = Experience gained in this place divided by the number of levels of this place that you have seen.
                   A       B       C       D       E      F
               +-------+-------+-------+-------+-------+----------------------
         Total | 100.0 | 100.0 |   N/A |   N/A | 100.0 |  25.0
       Dungeon | 100.0 | 100.0 |   N/A |   N/A | 100.0 |  25.0
               +-------+-------+-------+-------+-------+----------------------

Table legend: (Time is in decaauts)
 A = Elapsed time spent in this place.
 B = Non-inter-level travel time spent in this place.
 C = Inter-level travel time spent in this place.
 D = Time resting spent in this place.
 E = Time spent auto-exploring this place.
 F = Levels seen in this place.
 G = Mean time per level.
                   A        B        C        D        E       F      G
               +--------+--------+--------+--------+--------+-----+--------+
         Total |   2540 |   2458 |     82 |     20 |   2165 |   3 |  846.7 |
       Dungeon |   2540 |   2458 |     82 |     20 |   2165 |   3 |  846.7 |
               +--------+--------+--------+--------+--------+-----+--------+

Top non-repeatable levels by time:
     D:1: 1257 daAuts
     D:2: 1074 daAuts
     D:3: 209 daAuts
